 Dungeon Crawl Stone Soup version 0.25-a0-464-g3004169c2b (webtiles) character file.

Game seed: 13921442239316603216, levelgen mode: deterministic

116 Kohma the Shield-Bearer (level 5, -1/33 HPs)
             Began as a Gargoyle Fighter on Feb 5, 2020.
             Killed by nerve-wracking pain
             ... invoked by Grinder
              (3 damage)
             ... on level 3 of the Dungeon.
             The game lasted 00:06:57 (1848 turns).

Kohma the Shield-Bearer (Gargoyle Fighter)          Turns: 1848, Time: 00:06:57

Health: -1/33      AC: 12    Str: 26    XL:     5   Next: 1%
Magic:  5/5        EV:  7    Int:  8    God:
Gold:   97         SH: 10    Dex:  9    Spells: 4/4 levels left

rFire    . . .     SeeInvis .   a - +1 hand axe (vamp)
rCold    . . .     Gourm    .   c - +0 shield
rNeg     + . .     Faith    .   b - +0 scale mail
rPois    ∞         Spirit   .   (no helmet)
rElec    +         Reflect  .   (no cloak)
rCorr    .         Harm     .   i - +0 pair of gloves
MR       .....                  (no boots)
Stlth    ..........             (no amulet)
HPRegen  0.11/turn              (no ring)
MPRegen  0.09/turn              (no ring)

@: mighty
A: negative energy resistance 1, electricity resistance, unbreathing,
petrification resistance, rot immunity, AC +4
a: no special abilities


You were on level 3 of the Dungeon.
You were not hungry.

You visited 1 branch of the dungeon, and saw 3 of its levels.

You collected 97 gold pieces.

Inventory:

Hand Weapons
 a - a +1 vampiric hand axe (weapon)
 h - a +0 short sword of freezing
 l - a +0 long sword
Missiles
 k - 110 sling bullets
Armour
 b - a +0 scale mail (worn)
 c - a +0 shield (worn)
 i - a +0 pair of gloves (worn)
Jewellery
 e - an uncursed amulet of magic regeneration {unknown}
 j - a cursed -5 ring of strength {unknown}
 r - an uncursed amulet of the gourmand {unknown}
Scrolls
 o - a scroll of teleportation {unknown}
 p - a scroll of remove curse {unknown}
 q - a scroll of random uselessness {unknown}
 s - a scroll of fog {unknown}
 v - 2 scrolls of identify {unknown}
Potions
 m - a potion of brilliance {unknown}
 n - 2 potions of heal wounds {unknown}
 u - 2 potions of lignification {unknown}
Comestibles
 f - 3 rations
 g - 4 chunks of flesh


   Skills:
 + Level 3.9 Fighting
 - Level 2.4 Long Blades
 * Level 1.2 Axes
 + Level 3.8 Armour
 * Level 4.4 Shields


You had 4 spell levels left.
You didn't know any spells.
Your spell library was empty.

Dungeon Overview and Level Annotations

Branches:
Dungeon (3/15)

Altars:

Annotations:
D:3 Grinder


Innate Abilities, Weirdness & Mutations

You are resistant to torment.
Your stone body is resilient. (AC +4)
You are immune to poison.
You resist negative energy. (rN+)
You are resistant to electric shocks. (rElec)
You can survive without breathing.
You are immune to petrification.
You are immune to rotting.


Message History

Grinder completely misses you.
You slash Grinder!
Grinder is moderately wounded.
Grinder gestures at you. Pain shoots through your body!
* * * LOW HITPOINT WARNING * * *
You slash Grinder!
Grinder is severely wounded.
Grinder hits you.
* * * LOW HITPOINT WARNING * * *
You writhe in agony.
* * * LOW HITPOINT WARNING * * *
You slash Grinder!
Grinder is severely wounded.
Grinder hits you but does no damage.
You hit Grinder.
Grinder is almost dead.
Grinder gestures at you. Pain shoots through your body!
You die...

#....##..##...#####....#####
#....##..##...#####....#
#....##..##............####
#....##>..+...............###
#....###.##...................
#......#.#..........#.........
....................#..(......
#....#.#.##....###............
####.#.#.#......@5............
...#.#.#.#.....###.......##..#
...#.....................# #.
...#...#...###########.((#
.#+#.#<#...# .....
......)....# ......
.......#...# ......
.........#...# ...........#.#


You could see Grinder.

Vanquished Creatures
  4 adders (D:2)
  3 dart slugs
  A leopard gecko (D:1)
  2 orcs
  4 giant cockroaches
  6 goblins
  7 hobgoblins
  4 jackals (D:2)
  3 quokkas
  12 bats
  8 frilled lizards
  7 kobolds
  8 rats
69 creatures vanquished.

Notes
Turn   | Place    | Note
-------+----------+-------------------------------------------
     0 | D:1      | Kohma the Gargoyle Fighter began the quest for the Orb.
     0 | D:1      | Reached XP level 1. HP: 14/14 MP: 1/1
    67 | D:1      | Reached XP level 2. HP: 17/19 MP: 2/2
   344 | D:1      | Reached XP level 3. HP: 23/23 MP: 3/3
   880 | D:2      | Reached skill level 4 in Shields
   916 | D:2      | Reached XP level 4. HP: 29/29 MP: 4/4
  1407 | D:2      | Reached skill level 1 in Axes
  1820 | D:3      | Noticed Grinder
  1834 | D:3      | Reached XP level 5. HP: 33/33 MP: 5/5
  1838 | D:3      | Paralysed by Grinder for 6 turns
  1848 | D:3      | Killed from afar by Grinder

Levels and vault maps discovered:
D:1:      lemuel_arrival_broad_hall, layout_rooms
D:2:      layout_basic, first_ration, lightli_corner_chamber
D:3:      mumra_celtic_spiral_tile, layout_basic, uniq_grinder, uniq_sigmund

Skill      XL: |  1  2  3  4 |
---------------+-------------+-----
Long Blades    | 2 |  2.4
Shields        | 4 |  4.4
Axes           | 1 |  1.2
Fighting       | |  3.9
Armour         | |  3.8

Action                   |  1- 3 |  4- 6 || total
-------------------------+-------+-------++-------
Melee: Long sword        |    33 |       ||    33
       Short sword       |    78 |       ||    78
       Hand axe          |    33 |   144 ||   177
Throw: Dart              |       |     3 ||     3
  Use: Potion            |       |     1 ||     1
  Eat: Chunk             |       |     4 ||     4
Armor: Scale mail        |    80 |   108 ||   188
Dodge: Dodged            |    48 |    53 ||   101
Block: Shield            |    87 |    83 ||   170
       Rpst.: Long sword |     3 |       ||     3

Table legend:
 A = Non-vault XP
 B = Vault XP
 C = Vault XP percentage of total XP
 D = Non-vault monster count
 E = Vault monster count
 F = Vault count percentage of total count
                 A         B        C        D         E       F
            +---------+---------+-------+---------+---------+-------
      Total |     167 |       0 |   0.0 |      69 |       0 |   0.0
            +---------+---------+-------+---------+---------+-------
        D:1 |      43 |       0 |   0.0 |      26 |       0 |   0.0
        D:2 |      94 |       0 |   0.0 |      29 |       0 |   0.0
        D:3 |      30 |       0 |   0.0 |      14 |       0 |   0.0
            +---------+---------+-------+---------+---------+-------
